 Dungeon Crawl Stone Soup version 0.19.0 (webtiles) character file.

574 beigtais the Conjurer (level 7, -2/37 HPs)
             Began as a Deep Elf Conjurer on Nov 1, 2016.
             Slain by Pikel
             ... wielding a +2 whip of electrocution
              (17 damage)
             ... on level 5 of the Dungeon.
             The game lasted 00:39:32 (5286 turns).

beigtais the Conjurer (Deep Elf Conjurer)           Turns: 5286, Time: 00:39:32

Health: -2/37      AC:  9    Str:  7    XL:     7   Next: 12%
Magic:  6/16       EV: 14    Int: 22    God:
Gold:   184        SH:  4    Dex: 15    Spells: 5 memorised, 1 level left

rFire  . . .     SeeInvis .     e - +2 dagger (drain)
rCold  . . .     Gourm    .     a - +0 robe
rNeg   . . .     Faith    .     (no shield)
rPois  .         Spirit   .     (no helmet)
rElec  .         Reflect  +     t - +2 cloak
rCorr  .         Harm     .     n - +0 pair of gloves
MR     .....     Rnd*Tele +     (no boots)
Stlth  +++.......               d - +4 amulet of reflection
                                j - +3 ring of protection
                                f - ring of wizardry

@: no status effects
A: mutation resistance 1, strong 1, teleportitis 1
a: no special abilities


You were on level 5 of the Dungeon.
You were not hungry.

You visited 1 branch of the dungeon, and saw 5 of its levels.

You collected 184 gold pieces.

Inventory:

Hand Weapons
 e - a +2 dagger of draining (weapon)
 l - a +4 short sword
 s - a +0 blowgun
Missiles
 m - 42 poisoned needles
Armour
 a - a +0 robe (worn)
 n - a +0 pair of gloves (worn)
 t - a +2 cloak (worn)
Jewellery
 d - a +4 amulet of reflection (around neck)
 f - a ring of wizardry (left hand)
 j - a +3 ring of protection (right hand)
 w - an uncursed amulet of regeneration
 y - an uncursed ring of fire
Scrolls
 k - 2 scrolls of fog
 o - 2 scrolls of magic mapping
 u - a scroll of amnesia
 v - a scroll of recharging
Potions
 h - a potion of flight
 r - a potion of agility
 x - a potion of berserk rage
Books
 b - a book of Conjurations

   Spells                             Type                      Level
   a - Magic Dart                     Conjuration                  1
   b - Searing Ray                    Conjuration                  2
   c - Dazzling Spray                 Conjuration/Hexes            3
   d - Fulminant Prism                Conjuration/Hexes            4
   e - Iskenderun's Mystic Blast      Conjuration                  4
   f - Iskenderun's Battlesphere      Conjuration/Charms           5
Comestibles
 c - 4 bread rations
 g - a royal jelly
 i - 2 meat rations


   Skills:
 + Level 0.8 Fighting
 + Level 2.2 Short Blades
 * Level 4.3 Dodging
 * Level 4.8 Stealth
 * Level 4.9 Spellcasting
 * Level 6.4 Conjurations
 + Level 1.5 Hexes


You had one spell level left.
You knew the following spells:

 Your Spells              Type           Power        Failure   Level  Hunger
a - Magic Dart            Conj           ####         1%          1    None
b - Searing Ray           Conj           ####..       1%          2    None
c - Fulminant Prism       Conj/Hex       ###.......   9%          4    ####...
d - Dazzling Spray        Conj/Hex       ###...       3%          3    ##.....
e - Iskenderun's Mystic   Conj           ####....     4%          4    ####...


Dungeon Overview and Level Annotations

Branches:
Dungeon (5/15)
 Temple: D:4-7

Altars:
Ashenzari
Cheibriados
Zin

Annotations:
D:5 Menkaure, Pikel, Prince Ribbit


Innate Abilities, Weirdness & Mutations

You are somewhat resistant to further mutation.
Your muscles are strong. (Str +2)
You are occasionally teleported next to monsters.


Message History

Pikel is no longer blind.
You block Pikel's attack.
You miss Pikel.
Pikel is severely wounded.
Pikel hits you with a whip of electrocution!
You are electrocuted!
Okay, then.
Okay, then.
There is an escape hatch in the floor here.
You block Pikel's attack.
You slide downwards.
The hatch slams shut behind you.
Level annotation: Menkaure Prince Ribbit comes into view.
Found 20 stones and a scroll of amnesia.
You block Pikel's attack. Pikel closely misses you.
You open the door.
Pikel hits you with a whip of electrocution.
There is an open door here.
Pikel hits you but does no damage.
You are electrocuted!
You die...

............?...#
................#
................#
................#
#.............#
#.(...........#
#.............#
#.............#
...........@K..#
.############'###
#.....# #.....#
#.....# #######


You could see Pikel.

Vanquished Creatures
  Sigmund (D:5)
  4 slaves
  An ogre (D:4)
  A centaur (D:5)
  An orc priest (D:5)
  2 worker ants
  A hound zombie (D:5)
  A worker ant zombie (D:3)
  7 adders
  An adder zombie (D:5)
  A worm (D:4)
  A dart slug (D:1)
  5 leopard geckos
  3 orcs
  6 giant cockroaches
  6 goblins
  3 hobgoblins
  10 jackals
  2 quokkas
  2 ball pythons
  8 bats
  5 frilled lizards
  5 kobolds
  A leopard gecko skeleton (D:3)
  10 rats
88 creatures vanquished.

Vanquished Creatures (others)
  26 fulminant prisms
26 creatures vanquished.

Grand Total: 114 creatures vanquished

Notes
Turn   | Place    | Note
-------+----------+-------------------------------------------
     0 | D:1      | beigtais the Deep Elf Conjurer began the quest for the Orb.
     0 | D:1      | Reached XP level 1. HP: 10/10 MP: 6/6
   309 | D:1      | Reached XP level 2. HP: 15/15 MP: 5/8
   767 | D:1      | Learned a level 2 spell: Searing Ray
   974 | D:1      | Reached skill level 5 in Conjurations
  1064 | D:1      | Reached XP level 3. HP: 8/19 MP: 5/9
  1889 | D:2      | Found a snail-covered altar of Cheibriados.
  1890 | D:2      | Found a glowing silver altar of Zin.
  1932 | D:3      | Reached XP level 4. HP: 24/24 MP: 7/11
  2018 | D:2      | Learned a level 4 spell: Fulminant Prism
  2022 | D:3      | Reached skill level 1 in Short Blades
  2874 | D:4      | Learned a level 3 spell: Dazzling Spray
  3099 | D:4      | Reached XP level 5. HP: 28/28 MP: 6/12
  3163 | D:4      | Noticed an ogre
  3358 | D:4      | Killed an ogre
  3358 | D:4      | Reached skill level 1 in Hexes
  3481 | D:4      | Found a shattered altar of Ashenzari.
  3935 | D:4      | Gained mutation: Your muscles are strong. (Str +2) [potion of mutation]
  3935 | D:4      | Gained mutation: You are somewhat resistant to further mutation. [potion of mutation]
  3985 | D:5      | Entered Level 5 of the Dungeon
  3990 | D:5      | Noticed a centaur
  3997 | D:5      | Reached XP level 6. HP: 33/33 MP: 5/14
  3998 | D:5      | Reached skill level 6 in Conjurations
  4098 | D:5      | Noticed Sigmund
  4107 | D:5      | Killed Sigmund
  4107 | D:5      | Reached XP level 7. HP: 30/37 MP: 4/16
  4166 | D:5      | Gained mutation: You are occasionally teleported next to monsters. [potion of mutation]
  4236 | D:5      | Noticed Pikel
  4261 | D:5      | Noticed Menkaure
  5050 | D:4      | Learned a level 4 spell: Iskenderun's Mystic Blast
  5276 | D:5      | Noticed Prince Ribbit
  5286 | D:5      | Slain by Pikel

Skill      XL: |  1  2  3  4  5  6 |
---------------+-------------------+-----
Conjurations   | 5 6 |  6.4
Stealth        | 3 4 |  4.8
Short Blades   | 1 2 |  2.2
Dodging        | 3 4 |  4.3
Spellcasting   | 4 |  4.9
Hexes          | 1 |  1.5
Fighting       | |  0.8

Action                   |  1- 3 |  4- 6 |  7- 9 || total
-------------------------+-------+-------+-------++-------
Melee: Dagger            |     3 |    40 |    22 ||    65
       Short sword       |    23 |     2 |       ||    25
 Cast: Magic Dart        |    66 |    43 |    13 ||   122
       Searing Ray       |     1 |       |     2 ||     3
       Fulminant Prism   |       |    15 |    11 ||    26
       Dazzling Spray    |       |       |     1 ||     1
  Use: Scroll            |     6 |     9 |     2 ||    17
       Potion            |     2 |     7 |     2 ||    11
 Stab: Sleeping          |     3 |     3 |       ||     6
  Eat: Chunk             |     3 |     8 |     1 ||    12
       Beef jerky        |       |     1 |       ||     1
       Meat ration       |       |       |     1 ||     1
Armor: Robe              |    15 |    10 |    12 ||    37
Dodge: Dodged            |    22 |    30 |    28 ||    80
Block: Other             |     5 |     7 |     9 ||    21
       Reflection        |     2 |       |       ||     2
